AoeStats
← ska_18

Pilgrims

508231129Analyzed
3v3 RM · 10d ago on Sep 21, 2026· 14m 30s· 6 players
Game mode
Random Map
Map size
Normal (6 player)
Population
200
Speed
Normal
Resources
Standard
Victory
Conquest
Starting age
Dark Age
Ending age
Imperial Age
RankedLock teamsTeams togetherTeam positionsShared explorationLock speedFull tech treeHidden civsTurbo modeCheats
Victory
Defeat
🇪🇸 Franks · Spain
1061
+11
🇪🇸 Wu · Spain
1016
+13
🇪🇸 Persians · Spain
991
+14
🇨🇳 Wei · China
971
-14
🇦🇹 Saracens · Austria
939
-12
🇮🇳 Huns · India
935
-12
ska_18
桂花折枝为谁落
11:35 Feudal Age
iamlegolas312
4:43 Loom
12:40 Feudal Age
13:37 Fishing Lines
14:26 Double-Bit Axe
simo.detto
6:36 Loom
10:27 Feudal Age
11:10 Double-Bit Axe
11:11 Horse Collar
Esdlm
9:13 Loom
11:15 Feudal Age
14:07 Double-Bit Axe
mario19
10:08 Loom
13:57 Feudal Age
Connection lost

Rejoining the realm…

Still unreachable

The connection could not be restored.

Session expired

The server has moved on; the page needs a fresh start.